 Dungeon Crawl Stone Soup version 0.32-a0-131-g9dbbe29261 (webtiles) character file.

Game seed: 14627863707171309574

400 zeratav the Sneak (level 6, -6/45 HPs)
             Began as an Octopode Shapeshifter on Feb 8, 2024.
             Was an Initiate of Gozag.
             Mangled by an ogre
             ... wielding a +0 giant club
              (16 damage)
             ... on level 4 of the Dungeon.
             The game lasted 00:08:49 (4413 turns).

zeratav the Sneak (Octopode Shapeshifter)           Turns: 4413, Time: 00:08:49

Health: -6/45      AC:  1    Str: 16    XL:     6   Next: 84%
Magic:  6/6        EV: 13    Int: 12    God:    Gozag
Gold:   489        SH:  0    Dex: 11    Spells: 5/5 levels left

rFire   . .          .
                       - Unarmed
rCold   . . .        (no shield)
rNeg    . . .        (helmet currently unavailable)
rPois   .            (no amulet)
rElec   .            (no ring)
rCorr   .            (no ring)
SInv    .            (no ring)
Will    .....        (no ring)
Stlth   ++++         (no ring)
HPRegen 0.27/turn    (no ring)
MPRegen 0.10/turn    (no ring)
                     (no ring)

%: no passive effects
@: beast-form
A: beast (slay +2), almost no armour, amphibious, 8 rings, camouflage 1,
gelatinous body 1, (nimble swimmer 1), tentacles
a: Begin Untransformation, Renounce Religion, Potion Petition, Call Merchant,
Bribe Branch


You were on level 4 of the Dungeon.
You worshipped Gozag.
Gozag was aware of your devotion.
You were a hulking beast.
You visited 1 branch of the dungeon, and saw 4 of its levels.
You also visited: Sewer.

You collected 538 gold pieces.
You paid 49 gold pieces to Gozag.


Innate Abilities, Weirdness & Mutations

You are a hulking beast.
Your limbs bulge with bestial killing power. (Slay +2)
You cannot wear most types of armour.
You are amphibious.
You can wear up to eight rings at the same time.
Your skin changes colour to match your surroundings (Stealth+).
Your rubbery body absorbs attacks. (AC +1, EV +1)
((You are camouflaged when in or above water. (Stealth+)))
You have tentacles for arms and can constrict up to eight enemies at once.


   Skills:
 - Level 5.0 Fighting
 - Level 2.0 Dodging
 - Level 5.0 Stealth
 - Level 3.0 Unarmed Combat
 + Level 3.9 Shapeshifting


You had 5 spell levels left.
You didn't know any spells.
Your spell library was empty.

Inventory:

Missiles
 y - 4 poisoned darts {throwing}
 A - 2 atropa-tipped darts (quivered) {throwing}
Armour
 i - an orb of light
   (You took it off a kobold on level 2 of the Dungeon)
Talismans
 b - a beast talisman
 c - a flux talisman
Wands
 j - a wand of acid (9)
   (You found it on level 2 of the Dungeon)
 n - a wand of iceblast (3)
   (You found it on level 4 of the Dungeon)
Scrolls
 e - 2 scrolls of teleportation {@r4}
 g - a scroll of poison {!r}
 o - 2 scrolls of fear
 p - 2 scrolls of enchant weapon
 q - a scroll of butterflies
 s - a scroll of fog {unknown}
 t - 4 scrolls of identify {@r1}
 x - 2 scrolls of revelation {unknown}
Potions
 a - 2 potions of lignification {!q}
 d - a potion of might {unknown}
 f - a potion of enlightenment {unknown}
 h - 2 potions of curing {unknown}
 k - 2 potions of heal wounds {unknown}
 l - a potion of brilliance {unknown}
 m - 3 potions of magic {unknown}
 r - 2 potions of degeneration {unknown}
 u - a potion of resistance {unknown}
 v - a potion of invisibility {unknown}
 w - a potion of mutation {unknown}
 z - a potion of haste {unknown}

Dungeon Overview and Level Annotations

Branches:
Dungeon (4/15) Zot: 20483   Sewer (visited)
 Temple: D:4-7

Altars:
Cheibriados
Elyvilon
Fedhas
Gozag
Qazlal
Uskayaw
Xom

Shops:
D:4

* #. ### .# ..
..####.## #.
........ #.
#.....#
#.##.....# #
#.####(#....###
..
#.......).....#
..
#.####.#O.....#.#
#.##h......# #.
#. #....#### #.
#. #.#)## #.
#.##.#)# #.
###..#.###### #.
#.........# #.
#####.###.# ##.
#.# ##.. #.#
.######...


You could see an ogre.


Message History

Your hp is fully restored (45).
A goblin is nearby!
An adder comes into view.
The adder hisses angrily.
The helpless goblin fails to defend itself.
You bludgeon the goblin!
You kill the goblin!
The adder is distracted by your dazzling golden aura.
Things that are here:
4 gold pieces; a +0 dagger {short} You barely miss the adder.
The adder is no longer distracted by gold.
The adder hisses angrily.
You grab the adder. You constrict the adder. The adder barely misses you. x2
You tentacle-slap the adder. You squeeze the adder.
You kill the adder!
No target in view!
No target in view!
No target in view!
No target in view!
No target in view!
No target in view!
No target in view!
No target in view!
No target in view!
No target in view!
You now have 453 gold pieces (gained 4).
You see here a +0 dagger {short}.
You now have 459 gold pieces (gained 6).
You see here a +0 dagger {short}.
You now have 472 gold pieces (gained 13).
Found a stone staircase leading down.
There is a stone staircase leading down here.
There is a stone staircase leading down here.
An orc comes into view. It is wielding a +0 dagger.
The orc shouts!
A hobgoblin comes into view.
A kobold comes into view. It is wielding a +0 mace.
The orc misses you.
You barely miss the orc.
The kobold shouts!
The hobgoblin shouts!
Your grab misses the orc. The orc hits you with a +0 dagger.
HP[-1]
You take 1 damage, and now have 44/45 hp.
You tentacle-slap the orc.
You kill the orc!
Things that are here:
5 gold pieces; a +0 dagger {short} You tentacle-slap the hobgoblin.
You grab the hobgoblin. Your squeeze misses the hobgoblin.
You constrict the hobgoblin. The hobgoblin barely misses you.
You tentacle-slap the hobgoblin.
You kill the hobgoblin!
HP[+1]
Your hp is fully restored (45).
You tentacle-slap the kobold.
You kill the kobold!
No target in view!
No target in view!
No target in view!
No target in view!
No target in view!
No target in view!
No target in view!
No target in view!
No target in view!
No target in view!
No target in view!
No target in view!
No target in view!
No target in view!
No target in view!
No target in view!
No target in view!
You now have 477 gold pieces (gained 5).
You see here a +0 dagger {short}.
You now have 489 gold pieces (gained 12).
You see here a +0 mace {mace}.
You see here a +0 short sword {short}.
An ogre comes into view. It is wielding a +0 giant club.
An ogre is nearby!
The ogre shouts!
You hear an angry hiss.
Throw: 3 darts (atropa) {throwing}
Press: ? - help, Q - select action, (/) - cycle Shift-Dir - straight line, f - ogre
Aim: an ogre, wielding a +0 giant club (73% to hit, chance to blind on hit: 58%)
You throw an atropa-tipped dart {throwing}.
The atropa-tipped dart {throwing} barely misses the ogre.
You tentacle-slap the ogre but do no damage.
The ogre barely misses you.
You barely miss the ogre. You squeeze the ogre! You barely miss the ogre.
You tentacle-slap the ogre.
The ogre hits you with a +0 giant club!!
Ouch! That really hurt!
* * * LOW HITPOINT WARNING * * *
HP[-35]
You take 35 damage, and now have 10/45 hp.
MASSIVE DAMAGE!! (PAUSE)
You tentacle-slap the ogre. The ogre hits you with a +0 giant club!
You die...
Your body crumbles into a pile of gold.

Skill      XL: |  1  2  3  4  5  6 |
---------------+-------------------+-----
Stealth        | 2 3 5 |  5.0
Fighting       | 3 4 5 |  5.0
Dodging        | |  2.0
Unarmed Combat | |  3.0
Shapeshifting  | |  3.9

Action                     |  1- 3 |  4- 6 || total
---------------------------+-------+-------++-------
  Melee: Unarmed           |    51 |   168 ||   219
         Constrict         |    17 |    46 ||    63
         Tentacles         |    10 |    29 ||    39
         Punch             |     1 |    11 ||    12
  Throw: Dart              |       |     1 ||     1
  Evoke: Wand              |       |     4 ||     4
    Use: Scroll            |       |     5 ||     5
   Stab: Sleeping          |     6 |     5 ||    11
 Armour: Skin              |    16 |    54 ||    70
  Dodge: Dodged            |    28 |    76 ||   104

Levels and vault maps discovered:
D:1:      dpeg_arrival_radiant, layout_loops_ring,
          chequers_serial_rivers_micro_c, minmay_fountain_box,
          minmay_hedge_maze, minmay_vboxes
D:2:      layout_basic, minmay_misc_feat_rows
D:3:      layout_loops_ring, general_overflow_altar,
          shapermc_ecumenical_altar_mp_urbaneastern, serial_rivers,
          chequers_serial_rivers_room_b, chequers_serial_rivers_room_b,
          chequers_serial_rivers_micro_c, chequers_serial_rivers_large_b,
          chequers_serial_rivers_micro_d, chequers_serial_rivers_micro_e
D:4:      minmay_chambers_of_fours, layout_loops_ring,
          grunt_temple_overflow_open, kennysheep_mini,
          nicolae_qazlal_general_emergency, nicolae_gozag_zags_fifth_avenue,
          gup_sewer_entry_bubbles, uniq_ijyb

Notes
Turn   | Place    | Note
-------+----------+-------------------------------------------
     0 | D:1      | zeratav the Octopode Shapeshifter began the quest for the
                  | Orb.
     0 | D:1      | Reached XP level 1. HP: 13/13 MP: 1/1
     0 | D:1      | magus.rc [v1.9.6]
    28 | D:1      | Reached skill level 1 in Stealth
    53 | D:1      | Reached skill level 2 in Stealth
    56 | D:1      | Reached XP level 2. HP: 18/18 MP: 2/2
   129 | D:1      | Reached skill level 3 in Stealth
   384 | D:1      | Reached XP level 3. HP: 23/23 MP: 3/3
   510 | D:1      | Reached skill level 4 in Stealth
  1504 | D:2      | Reached skill level 5 in Stealth
  1504 | D:2      | Reached XP level 4. HP: 28/28 MP: 4/4
  1521 | D:2      | Reached skill level 2 in Fighting
  2045 | D:3      | Found a faded altar of an unknown god.
  2387 | D:3      | Found a shimmering altar of Xom.
  2462 | D:3      | Identified the +5 ring mail of the Elven Halls {rElec Str-3
                  | Slay+3}
  2721 | D:4      | Found an opulent altar of Gozag.
  2722 | D:4      | Found Gozag's Platinum Reserve.
  2727 | D:4      | Became a worshipper of Gozag Ym Sagoz the Greedy
  2765 | D:4      | Reached skill level 3 in Fighting
  2765 | D:4      | Reached XP level 5. HP: 22/36 MP: 5/5
  2769 | D:4      | Found a white marble altar of Elyvilon.
  2895 | D:4      | Noticed Ijyb
  2902 | D:4      | Killed Ijyb
  2903 | D:4      | Reached skill level 4 in Fighting
  2904 | D:4      | Found a stormy altar of Qazlal.
  2936 | D:4      | Found a snail-covered altar of Cheibriados.
  2937 | D:4      | Found a hide-covered altar of Uskayaw.
  2938 | D:4      | Found a blossoming altar of Fedhas.
  3056 | D:4      | Found a glowing drain.
  3065 | Sewer    | Entered a sewer
  3125 | Sewer    | Reached XP level 6. HP: 20/44 MP: 6/6
  3411 | Sewer    | Reached skill level 5 in Fighting
  4412 | D:4      | HP: 10/45 [ogre/+0 giant club (35)]
  4413 | D:4      | Mangled by an ogre

Vanquished Creatures
  A kobold brigand (Sewer)
  A jelly (D:4)
  An iguana (D:4)
  Ijyb (D:4)
  A gnoll (D:3)
  5 river rats
  10 adders
  2 dart slugs
  An orc (D:4)
  4 bats
  6 endoplasms
  3 giant cockroaches
  10 goblins
  4 hobgoblins
  5 quokkas
  10 ball pythons
  A frilled lizard (D:1)
  24 kobolds
  24 rats
114 creatures vanquished.

Table legend:
 A = Non-vault XP
 B = Vault XP
 C = Vault XP percentage of total XP
 D = Non-vault monster count
 E = Vault monster count
 F = Vault count percentage of total count
                 A         B        C        D         E       F
            +---------+---------+-------+---------+---------+-------
      Total |     247 |     325 |  56.8 |      46 |      68 |  59.6
            +---------+---------+-------+---------+---------+-------
        D:1 |      27 |      16 |  37.2 |      14 |       9 |  39.1
        D:2 |      71 |       0 |   0.0 |      14 |       0 |   0.0
        D:3 |      46 |       0 |   0.0 |      11 |       0 |   0.0
        D:4 |     103 |      71 |  40.8 |       7 |      10 |  58.8
      Sewer |       0 |     238 | 100.0 |       0 |      49 | 100.0
            +---------+---------+-------+---------+---------+-------

Skill      XL: |  1  2  3  4  5  6 |
---------------+-------------------+-----
Stealth        | 2 3 5 |  5.0
Fighting       | 3 4 5 |  5.0
Dodging        | |  2.0
Unarmed Combat | |  3.0
Shapeshifting  | |  3.9

Action                     |  1- 3 |  4- 6 || total
---------------------------+-------+-------++-------
  Melee: Unarmed           |    51 |   168 ||   219
         Constrict         |    17 |    46 ||    63
         Tentacles         |    10 |    29 ||    39
         Punch             |     1 |    11 ||    12
  Throw: Dart              |       |     1 ||     1
  Evoke: Wand              |       |     4 ||     4
    Use: Scroll            |       |     5 ||     5
   Stab: Sleeping          |     6 |     5 ||    11
 Armour: Skin              |    16 |    54 ||    70
  Dodge: Dodged            |    28 |    76 ||   104

Illustrated notes

Table legend:
 A = Kills in this place as a percentage of kills in the entire game.
 B = Kills by you in this place as a percentage of kills by you in the entire game.
 C = Kills by friends in this place as a percentage of kills by friends in the entire game.
 D = Other kills in this place as a percentage of other kills in the entire game.
 E = Experience gained in this place as a percentage of experience gained in the entire game.
 F = Experience gained in this place divided by the number of levels of this place that you have seen.
                   A       B       C       D       E      F
               +-------+-------+-------+-------+-------+----------------------
         Total | 100.0 | 100.0 |   N/A |   N/A | 100.0 | 114.4
       Dungeon |  57.0 |  57.0 |   N/A |   N/A |  58.4 |  83.5
         Sewer |  43.0 |  43.0 |   N/A |   N/A |  41.6 | 238.0
               +-------+-------+-------+-------+-------+----------------------

Table legend: (Time is in decaauts)
 A = Elapsed time spent in this place.
 B = Non-inter-level travel time spent in this place.
 C = Inter-level travel time spent in this place.
 D = Time resting spent in this place.
 E = Time spent auto-exploring this place.
 F = Levels seen in this place.
 G = Mean time per level.
                   A        B        C        D        E       F      G
               +--------+--------+--------+--------+--------+-----+--------+
         Total |   4401 |   3958 |    443 |    234 |   2807 |   5 |  880.2 |
       Dungeon |   3515 |   3072 |    443 |    151 |   2327 |   4 |  878.8 |
         Sewer |    886 |    886 |      0 |     83 |    480 |   1 |  886.0 |
               +--------+--------+--------+--------+--------+-----+--------+

Top non-repeatable levels by time:
     D:2: 1038 daAuts
     D:3: 1005 daAuts
   Sewer: 886 daAuts
     D:1: 842 daAuts
     D:4: 629 daAuts
